cohdb
Replays
Latest Replays
All Replays
Popular Replays
Top Player Replays
Match Explorer
How It Works
Community
CoH3 Stats
Reddit
Sign in to upload your games and track your stats! →
Sign in with Steam
Match 41643849
Unlisted
Match 41643849
Overview
Messages
Build Orders
End
Royal Engineer Section
Selects Heavy Armor Battlegroup
Vickers Machine Gun Team
Construct Section Command Post
Dingo Light Scout Car
Royal Engineer Section
Construct Platoon Command Post
Selects Engineer Detachments
Royal Engineer Section
Royal Engineer Section
Humber Armored Car
6-pounder Anti-tank Gun Team
Construct Field Infirmary
Selects Forward Repair Assembly
Royal Engineer Section
Infantry Training
Unlock M3 Stuart Light Tanks
6-pounder Anti-tank Gun Team
Vickers Machine Gun Team
6-pounder Anti-tank Gun Team
8th booster shot
SxNine
NEP_wilson_NEP
GeeNo
0
0
Comments
sign in to comment!
No comments posted yet!